 Dungeon Crawl Stone Soup version 0.30-a0-223-gcb0039aa0c (webtiles) character file.

Game seed: 17361722403876987003

3115 nono the Trooper (level 9, -4/72 HPs)
             Began as a Mummy Fighter on Oct 9, 2022.
             Was an Initiate of Ashenzari.
             Slain by a cyclops (8 damage)
             ... on level 8 of the Dungeon.
             The game lasted 00:19:49 (7176 turns).

nono the Trooper (Mummy Fighter)                    Turns: 7176, Time: 00:19:49

Health: -4/72      AC: 19    Str: 24    XL:     9   Next: 60%
Magic:  9/9        EV:  6    Int:  7    God:    Ashenzari [......]
Gold:   281        SH: 15    Dex: 17    Spells: 8/8 levels left

rFire   x . .      SeeInvis .    k - +2 dagger (venom)
rCold   + + +      Faith    +    v - +0 kite shield
rNeg    + + +      Spirit   .    B - +0 chain mail of the World {+Inv rC++ rCorr}
rPois   ∞          Reflect  +    u - +2 helmet
rElec   .          Harm     .    m - +0 cloak
rCorr   +          Rampage  .    s - +0 pair of gloves
Will    +....                    j - +2 pair of boots of Supernal Wisdom {Evo, Melee} (curse)
Stlth   ..........               i - amulet of reflection
HPRegen 0.32/turn                e - +6 ring of dexterity
MPRegen 0.11/turn                (no ring)

@: no status effects
A: cold resistance 1, negative energy resistance 3, torment resistance 2, heat
vulnerability 1, in touch with death 1, no potions, faith
a: Renounce Religion, Evoke Invisibility, Shatter the Chains


You were on level 8 of the Dungeon.
You worshipped Ashenzari.
Ashenzari was noncommittal.
You visited 2 branches of the dungeon, and saw 9 of its levels.

You collected 518 gold pieces.
You spent 237 gold pieces at shops.

Inventory:

Hand Weapons
 a - a +0 trident
 g - a +0 dagger of venom
 k - a +2 dagger of venom (weapon)
Missiles
 f - 5 boomerangs of dispersal (quivered)
Armour
 b - a +0 scale mail
 j - the cursed +2 pair of boots of Supernal Wisdom (worn) {Evo, Melee}
   (You found it on level 1 of the Dungeon)

   It has a curse which improves the following skills: Evocations: Evocations.
   Melee Combat: Short Blades, Long Blades, Axes, Maces & Flails, Polearms,
   Staves and Unarmed Combat.
 m - a +0 cloak (worn)
 s - a +0 pair of gloves (worn)
 u - a +2 helmet (worn)
 v - a +0 kite shield (worn)
 B - the +0 chain mail of the World (worn) {+Inv rC++ rCorr}
   (You bought it in a shop on level 6 of the Dungeon)

   rC:        It greatly protects you from cold.
   +Inv:      It lets you turn invisible.
   rCorr:     It protects you from acid and corrosion.
Jewellery
 e - a +6 ring of dexterity (left hand)
 i - an amulet of reflection (around neck)
Wands
 p - a wand of flame (12)
 A - a wand of polymorph (5)
 E - a wand of digging (3)
Scrolls
 d - 2 scrolls of poison
 h - 2 scrolls of magic mapping
 l - a scroll of immolation
 o - 2 scrolls of vulnerability {unknown}
 q - 2 scrolls of enchant weapon
 r - a scroll of teleportation
 t - 2 scrolls of torment {unknown}
 w - a scroll of enchant armour
 x - a scroll of amnesia {unknown}
 y - 3 scrolls of noise {unknown}
 C - a scroll of fog
 D - a scroll of silence {unknown}


   Skills:
 + Level 7.4 Fighting
 + Level 5.8(6.3) Polearms
 + Level 6.1 Armour
 + Level 6.1 Shields


You had 8 spell levels left.
You didn't know any spells.
Your spell library was empty.

Dungeon Overview and Level Annotations

Branches:
Dungeon (8/15)             Temple (1/1) D:5
   Lair: D:8-11

Altars:
Ashenzari
Cheibriados
Dithmenos
Hepliaklqana
Makhleb
Sif Muna

Shops:
D:6 [


Innate Abilities, Weirdness & Mutations

You are immune to poison.
Your flesh is cold resistant. (rC+)
You are immune to negative energy. (rN+++)
You are immune to unholy pain and torment.
You are vulnerable to heat. (rF-)
You are in touch with the powers of death.
You do not drink.
You have a special connection with the divine. (Faith)


Message History

* * * LOW HITPOINT WARNING * * *
Aiming: Polymorph
Press: ? - help, Shift-Dir - straight line, f - two-headed ogre
Aim: a two-headed ogre, wielding two +0 giant clubs (will become a meliai, a glowing shapeshifter, or a swamp worm, chance to affect: 31%)
The two-headed ogre evaporates and reforms as a glowing shapeshifter!
You block the glowing shapeshifter's attack.
Unknown command.
Okay, then.
Aiming: Dig
Press: ? - help, Shift-Dir - straight line, p - glowing shapeshifter A rock wall.
The rock shatters into small pieces.
The glowing shapeshifter changes into a moth of wrath!
The cyclops hits you.
* * * LOW HITPOINT WARNING * * *
The moth of wrath goads the cyclops on!
The cyclops goes berserk!
The moth of wrath attacks as you move away!
The moth of wrath bites you but does no damage.
The cyclops attacks as you move away!
The cyclops hits you but does no damage.
Aiming: Throw Flame
Press: ? - help, Shift-Dir - straight line, f - cyclops
Aim: a cyclops, quivering large rocks (moderately wounded, berserk, very poisoned, 97% to hit)
The puff of flame hits the cyclops.
The cyclops is moderately wounded.
The cyclops hits you!
* * * LOW HITPOINT WARNING * * *
You can't drink.
Okay, then.
Aiming: Polymorph
Press: ? - help, Shift-Dir - straight line, f/p - cyclops
Aim: a cyclops, quivering large rocks (moderately wounded, berserk, very poisoned, will become a cane toad, a torpor snail, or a harpy, chance to affect: 31%)
The cyclops easily resists.
The moth of wrath changes into a jumping spider!
The cyclops hits you but does no damage.
Aiming: Polymorph
Press: ? - help, Shift-Dir - straight line, f/p - cyclops
Aim: a cyclops, quivering large rocks (moderately wounded, berserk, very poisoned, will become a cane toad, a torpor snail, or a harpy, chance to affect: 31%)
The cyclops easily resists.
The cyclops hits you!
You die...

##..# #...# #...#
## ...+ #.# # #..#
#.# ##.#..# #.#
#..#..# #.##
##.....# #@##
##..##..## ##C##
#.... #....
##s###..##.##....
#.<....#......###
###.######......# #
#......###......###
#.......##.........
#.......##########.
#######OF###### #'


You could see a cyclops (berserk, very poisoned) and a jumping spider shaped
shifter.

Vanquished Creatures
  Prince Ribbit (D:8)
  Sigmund (D:6)
  A basilisk (D:8)
  A water moccasin (D:5)
  A sky beast (D:6)
  A black bear (D:7)
  An ice beast (D:7)
  4 ogres
  2 centaurs
  A phantom (D:4)
  A kobold brigand (D:6)
  5 bullfrogs
  A necrophage (D:7)
  A gnoll sergeant (D:8)
  2 scorpions (D:7)
  2 jellies
  A wight (D:7)
  3 howler monkeys
  5 hounds
  5 orc priests
  An iguana (D:5)
  Crazy Yiuf (D:7)
  Jessica (D:3)
  5 orc wizards
  3 gnolls (D:4)
  10 adders
  2 shadow imps (D:6)
  2 white imps (D:5)
  3 worms
  2 dart slugs
  23 orcs
  7 ball pythons
  2 bats (D:1)
  5 endoplasms
  4 giant cockroaches
  7 goblins
  4 hobgoblins
  3 jackals (D:1)
  A quokka (D:1)
  3 frilled lizards (D:1)
  11 kobolds
  6 rats
146 creatures vanquished.

Vanquished Creatures (others)
  A kobold (D:6)
1 creature vanquished.

Grand Total: 147 creatures vanquished

Notes
Turn   | Place    | Note
-------+----------+-------------------------------------------
     0 | D:1      | nono the Mummy Fighter began the quest for the Orb.
     0 | D:1      | Reached XP level 1. HP: 18/18 MP: 1/1
   283 | D:1      | Found a faded altar of an unknown god.
   289 | D:1      | Reached XP level 2. HP: 19/24 MP: 2/2
   877 | D:2      | Gained mutation: You are in touch with the powers of death.
                  | [Mummy growth]
   877 | D:2      | Reached XP level 3. HP: 29/29 MP: 3/3
   949 | D:2      | Reached XP level 4. HP: 35/35 MP: 4/4
   998 | D:2      | Identified the ring "Argheq" {*Slow rPois rCorr Int+3
                  | Stlth+}
  1108 | D:2      | Found a shadowy altar of Dithmenos.
  1858 | D:3      | Noticed Jessica
  1858 | D:3      | Killed Jessica
  1859 | D:3      | Reached XP level 5. HP: 42/42 MP: 5/5
  2169 | D:4      | Noticed an ogre
  2224 | D:4      | Reached skill level 4 in Fighting
  2268 | D:4      | Killed an ogre
  2269 | D:4      | Reached XP level 6. HP: 30/48 MP: 6/6
  2870 | D:4      | Reached XP level 7. HP: 41/55 MP: 7/7
  3033 | D:5      | Entered Level 5 of the Dungeon
  3064 | D:5      | Found a staircase to the Ecumenical Temple.
  3073 | Temple   | Entered the Ecumenical Temple
  3128 | Temple   | Became a worshipper of Ashenzari the Shackled
  3287 | D:5      | Reached skill level 5 in Fighting
  3425 | D:5      | Noticed a wraith
  4190 | D:6      | Noticed Sigmund
  4197 | D:6      | Reached XP level 8. HP: 54/63 MP: 8/8
  4236 | D:6      | Killed Sigmund
  4545 | D:6      | Found a burning altar of Makhleb.
  4793 | D:6      | Reached skill level 6 in Fighting
  4793 | D:6      | Reached skill level 5 in Armour
  4793 | D:6      | Reached skill level 5 in Shields
  4878 | D:6      | Found Zeuwkamn's Antique Armour Emporium.
  4881 | D:6      | Bought a steaming chain mail for 237 gold pieces
  4881 | D:6      | Identified the +0 chain mail of the World {+Inv rC++ rCorr}
                  | (You bought it in a shop on level 6 of the Dungeon)
  5616 | D:7      | Reached skill level 5 in Polearms
  5739 | D:7      | Reached XP level 9. HP: 70/71 MP: 9/9
  5884 | D:7      | Found a runed translucent door.
  5885 | D:7      | Noticed Crazy Yiuf
  5894 | D:7      | Killed Crazy Yiuf
  6369 | D:8      | Noticed Prince Ribbit
  6390 | D:8      | Killed Prince Ribbit
  6391 | D:8      | Reached skill level 7 in Fighting
  6480 | D:8      | Noticed a two-headed ogre
  6854 | D:8      | Noticed a seven-headed hydra
  6861 | D:8      | Noticed a boulder beetle
  7165 | D:8      | Noticed a cyclops
  7169 | D:8      | a two-headed ogre changed into a glowing shapeshifter
  7169 | D:8      | Noticed a glowing shapeshifter
  7170 | D:8      | a glowing shapeshifter changed into a moth of wrath
  7170 | D:8      | Noticed a moth of wrath (glowing shapeshifter)
  7174 | D:8      | HP: 3/72 [cyclops (8)]
  7175 | D:8      | a moth of wrath changed into a jumping spider
  7176 | D:8      | Slain by a cyclops

Illustrated notes

Levels and vault maps discovered:
D:1:      sevenhm_arrival_forest_fort_small_3, layout_loops_ring,
          hellmonk_ecumenical_altar_zigzags, st_stairs_12, grunt_decor_junction,
          grunt_decor_resistance, minmay_tromino_i2
D:2:      layout_rooms, basic_altar
D:3:      layout_basic, uniq_jessica
D:4:      layout_loops_ring
D:5:      layout_loops_corners, temple_fountains
D:6:      layout_loops_corners, lightli_temple_of_fire, serial_shops,
          kennysheep_mini_moat, uniq_sigmund
D:7:      layout_basic, abandoned_shop, uniq_crazy_yiuf_cottage
D:8:      minmay_the_grid_plus [minmay_the_grid_odd_star, minmay_the_grid_box_x,
          minmay_the_grid_minigrid_large, minmay_the_grid_embedded,
          minmay_the_grid_prize_four_corners], layout_rooms,
          david_lair_shrubbed, kennysheep_generic_room_8, uniq_prince_ribbit1,
          uniq_amaemon
Temple:   mainiacjoe_temple_hex_bubbles

Skill      XL: |  1  2  3  4  5  6  7  8  9 |
---------------+----------------------------+-----
Polearms       | 2 3 4 5 |  5.8
Armour         | 3 4 5 6 |  6.1
Shields        | 3 4 5 6 |  6.1
Fighting       | 4 5 6 7 |  7.4

Action                   |  1- 3 |  4- 6 |  7- 9 || total
-------------------------+-------+-------+-------++-------
Melee: Trident           |    35 |    11 |    18 ||    64
       Dagger            |    69 |   163 |   426 ||   658
Invok: Curse Item        |       |       |     1 ||     1
Evoke: Wand              |       |     7 |     5 ||    12
  Use: Scroll            |       |     4 |     9 ||    13
Armor: Scale mail        |    37 |    56 |    71 ||   164
       Chain mail        |       |       |   152 ||   152
Dodge: Dodged            |    37 |    36 |   120 ||   193
Block: Buckler           |    35 |    72 |   222 ||   329
       Reflection        |     1 |     1 |    12 ||    14
       Kite shield       |       |       |    25 ||    25

Table legend: (Time is in decaauts)
 A = Elapsed time spent in this place.
 B = Non-inter-level travel time spent in this place.
 C = Inter-level travel time spent in this place.
 D = Time resting spent in this place.
 E = Time spent auto-exploring this place.
 F = Levels seen in this place.
 G = Mean time per level.
                   A        B        C        D        E       F      G
               +--------+--------+--------+--------+--------+-----+--------+
         Total |   7239 |   6679 |    560 |    490 |   4590 |   9 |  804.3 |
       Dungeon |   7164 |   6632 |    532 |    490 |   4547 |   8 |  895.5 |
        Temple |     74 |     46 |     28 |      0 |     43 |   1 |   74.0 |
               +--------+--------+--------+--------+--------+-----+--------+

Top non-repeatable levels by time:
     D:6: 1393 daAuts
     D:7: 1297 daAuts
     D:4: 943 daAuts
     D:3: 887 daAuts
     D:5: 848 daAuts
     D:1: 838 daAuts
     D:2: 482 daAuts
     D:8: 473 daAuts
  Temple: 74 daAuts
